 Dungeon Crawl Stone Soup version 0.30-a0-639-g3916f1956a (webtiles) character file.

Game seed: 17047272364202989909

139 Mitcholas the Shooter (level 5, -3/31 HPs)
             Began as a Deep Elf Hunter on Jan 16, 2023.
             Slain by a gnoll
             ... wielding a +0 flail
              (14 damage)
             ... on level 3 of the Dungeon.
             The game lasted 00:02:59 (1776 turns).

Mitcholas the Shooter (Deep Elf Hunter)             Turns: 1776, Time: 00:02:59

Health: -3/31      AC:  3    Str:  8    XL:     5   Next: 1%
Magic:  7/7        EV: 13    Int: 14    God:
Gold:   107        SH:  0    Dex: 20    Spells: 4/4 levels left

rFire   . . .      SeeInvis .    a - +0 shortbow
rCold   . . .      Faith    .    (shield currently unavailable)
rNeg    . . .      Spirit   .    c - +0 leather armour
rPois   .          Reflect  .    (no helmet)
rElec   .          Harm     .    (no cloak)
rCorr   .          Rampage  .    (no gloves)
Will    .....                    (no boots)
Stlth   ++                       (no amulet)
HPRegen 0.25/turn                (no ring)
MPRegen 0.10/turn                (no ring)

@: no status effects
A: no striking features
a: no special abilities


You were on level 3 of the Dungeon.
You visited 1 branch of the dungeon, and saw 3 of its levels.

You collected 107 gold pieces.

Inventory:

Hand Weapons
 a - a +0 shortbow (weapon)
 g - a +1 falchion of flaming
Missiles
 o - a throwing net
Armour
 c - a +0 leather armour (worn)
Jewellery
 d - a ring of wizardry
 p - a ring of magical power
Wands
 i - a wand of iceblast (7)
 s - a wand of flame (16)
Scrolls
 b - a scroll of immolation
 f - a scroll of vulnerability {unknown}
 k - a scroll of teleportation {unknown}
 n - a scroll of fear {unknown}
Potions
 e - a potion of ambrosia {unknown}
 h - 2 potions of might {unknown}
 j - 2 potions of curing
 l - 3 potions of heal wounds {unknown}
 m - a potion of mutation {unknown}
 q - a potion of degeneration {unknown}
 r - a potion of haste {unknown}


   Skills:
 + Level 2.3 Fighting
 * Level 6.7 Ranged Weapons
 + Level 3.4 Dodging
 + Level 2.9 Stealth


You had 4 spell levels left.
You didn't know any spells.
Your spell library contained the following spells:

 Spells                   Type           Power      Damage    Failure   Level
 Shock                    Conj/Air       0%         1d3       38%         1
 Sting                    Tmut/Pois      0%         1d3       38%         1
 Poisonous Vapours        Pois/Air       0%         N/A       54%         2
 Swiftness                Air            0%         N/A       77%         3
 Airstrike                Air            0%         2d(0-16)  99%         4
 Olgreb's Toxic Radiance  Pois           0%         N/A       99%         4
 Yara's Violent Unravell  Hex/Tmut       0%         3d3       100%        5
 Enfeeble                 Hex            0%         N/A       100%        7


Dungeon Overview and Level Annotations

Branches:
Dungeon (3/15)

Altars:
Cheibriados
Hepliaklqana
Ru

Annotations:
D:2 1 runed translucent door, Crazy Yiuf


Message History

The gnoll is almost dead.
You shoot an arrow. The arrow closely misses the gnoll. x2
The gnoll hits you with a +0 flail! The gnoll closely misses you.
You shoot an arrow. The arrow barely misses the gnoll.
The arrow hits the gnoll but does no damage.
The gnoll is almost dead.
The gnoll hits you with a +0 flail! The gnoll barely misses you.
You are too injured to fight recklessly!
You are too injured to fight recklessly!
You are too injured to fight recklessly!
You are too injured to fight recklessly!
You are too injured to fight recklessly!
You are too injured to fight recklessly!
You are too injured to fight recklessly!
You are too injured to fight recklessly!
You are too injured to fight recklessly!
You are too injured to fight recklessly!
You are too injured to fight recklessly!
You are too injured to fight recklessly!
You are too injured to fight recklessly!
You are too injured to fight recklessly!
You are too injured to fight recklessly!
You are too injured to fight recklessly!
You are too injured to fight recklessly!
You are too injured to fight recklessly!
You are too injured to fight recklessly!
You are too injured to fight recklessly!
You are too injured to fight recklessly!
You are too injured to fight recklessly!
You are too injured to fight recklessly!
You are too injured to fight recklessly!
You are too injured to fight recklessly!
You are too injured to fight recklessly!
Fire: a) +0 shortbow
Press: ? - help, Q - select action, (/) - cycle Shift-Dir - straight line, f/p - gnoll
Aim: a gnoll, wielding a +0 flail (moderately wounded, 69% to hit)
You shoot an arrow. The arrow hits the gnoll!
The gnoll is almost dead.
The gnoll hits you with a +0 flail!
You die...

#.#.##.# #.#.##.#
#.#.##.# #.#.##.#
#......# ###.####
#####.# ### ......#
###########.######
####.##
##......@gg.......####
#..#
#..##.######.#.......#
###'###'###+###
###.##.##.#
#..#.......#..# #.#
..#
###..#.......#..###
#.# ..#
#.+..'###)###+..+.#
#.# ..#
#.#..#.+.).'.#..#.#
#.# g##
#.#..#.#...#.#..#.#
#(. ..
..'##+.#._.#.'##'.#
##. .#


You could see 2 gnolls.

Vanquished Creatures
  A necrophage (D:3)
  2 adders
  4 ball pythons
  4 endoplasms
  2 giant cockroaches
  6 goblins
  10 hobgoblins
  5 quokkas
  2 bats (D:2)
  3 frilled lizards (D:1)
  5 kobolds
  10 rats
54 creatures vanquished.

Vanquished Creatures (others)
  2 fungi (D:2)
2 creatures vanquished.

Grand Total: 56 creatures vanquished

Notes
Turn   | Place    | Note
-------+----------+-------------------------------------------
     0 | D:1      | Mitcholas the Deep Elf Hunter began the quest for the Orb.
     0 | D:1      | Reached XP level 1. HP: 12/12 MP: 3/3
   131 | D:1      | Reached XP level 2. HP: 17/17 MP: 4/4
   430 | D:1      | Reached XP level 3. HP: 21/21 MP: 5/5
   642 | D:2      | Found a snail-covered altar of Cheibriados.
   674 | D:2      | Reached skill level 6 in Ranged Weapons
   750 | D:2      | Found a faded altar of an unknown god.
  1158 | D:2      | Found a runed translucent door.
  1159 | D:2      | Noticed Crazy Yiuf
  1289 | D:3      | Found a sacrificial altar of Ru.
  1371 | D:3      | Reached XP level 4. HP: 23/26 MP: 6/6
  1494 | D:3      | Noticed a necrophage
  1506 | D:3      | Killed a necrophage
  1578 | D:3      | Reached XP level 5. HP: 31/31 MP: 7/7
  1676 | D:3      | Found a hazy altar of Hepliaklqana.
  1776 | D:3      | Slain by a gnoll

Illustrated notes

Levels and vault maps discovered:
D:1:      scummos_arrival_simple_crosswalls, layout_loops_cross
D:2:      layout_basic, basic_ecumenical_altar, basic_altar,
          uniq_crazy_yiuf_cottage
D:3:      layout_loops_cross, mainiacjoe_overflow_24_doors,
          general_overflow_altar

Skill      XL: |  1  2  3 |
---------------+----------+-----
Stealth        | 2 |  2.9
Ranged Weapons | 6 |  6.7
Dodging        | 3 |  3.4
Fighting       | 2 |  2.3

Action                   |  1- 3 |  4- 6 || total
-------------------------+-------+-------++-------
 Fire: Shortbow          |   136 |    23 ||   159
Armor: Leather armour    |     7 |     1 ||     8
Dodge: Dodged            |    29 |     5 ||    34

Table legend: (Time is in decaauts)
 A = Elapsed time spent in this place.
 B = Non-inter-level travel time spent in this place.
 C = Inter-level travel time spent in this place.
 D = Time resting spent in this place.
 E = Time spent auto-exploring this place.
 F = Levels seen in this place.
 G = Mean time per level.
                   A        B        C        D        E       F      G
               +--------+--------+--------+--------+--------+-----+--------+
         Total |   1816 |   1736 |     80 |     91 |   1343 |   3 |  605.3 |
       Dungeon |   1816 |   1736 |     80 |     91 |   1343 |   3 |  605.3 |
               +--------+--------+--------+--------+--------+-----+--------+

Top non-repeatable levels by time:
     D:1: 621 daAuts
     D:2: 610 daAuts
     D:3: 584 daAuts
